 Dungeon Crawl Stone Soup version 0.31-a0-1611-g890cdf5628 (webtiles) character file.

Game seed: 6374471621713985172

3740997 Implojin the Acrobat (level 27, 201/201 HPs)
             Began as a Formicid Gladiator on Jan 7, 2024.
             Was a High Priest of Hepliaklqana.
             Escaped with the Orb
             ... and 5 runes
             ... and 2 gems (both intact) on Jan 8, 2024!
             The game lasted 03:57:37 (59126 turns).

Implojin the Acrobat (Formicid Gladiator)          Turns: 59126, Time: 03:57:37

Health: 201/201    AC: 34    Str: 23    XL:     27
Magic:  16/18      EV: 40    Int: 12    God:    Hepliaklqana [*****.]
Gold:   3176       SH: 34    Dex: 37    Spells: 26/26 levels left

rFire   + + +        a - +9 triple sword (holy)
rCold   + + .        K - +6 tower shield {rF+}
rNeg    + . .        w - +8 fire dragon scales
rPois   .            (helmet unavailable)
rElec   +            e - +1 cloak of Nezadal {-Tele rC+++ rCorr Str-4}
rCorr   +            M - +1 pair of gloves of Fun {rCorr MP-9 Str-2 Dex+8}
SInv    +            H - +2 pair of boots of Vlad {+Inv Str+3 Int+3 SInv}
Will    ++...        k - amulet of regeneration
Stlth   ++           X - ring of Jutinig {Ice rElec rN+ Dex+3 SInv}
HPRegen 1.33/turn    R - ring of Vuag {rF+ Str-3 Dex+6 Slay+4}
MPRegen 0.16/turn

%: no passive effects
@: studying 4 skills
A: reduced essence, permanent stasis, dig shafts and tunnels, antennae 3, four
strong arms, iridescent scales 1, low MP 1, strong 1, cold vulnerability 1
0: Orb of Zot
}: 5/15 runes: serpentine, barnacled, slimy, silver, abyssal
a: Dig, Shaft Self, Renounce Religion, Evoke Invisibility, Recall Ancestor,
Ancestor Identity, Transference, Idealise


You escaped.
You worshipped Hepliaklqana.
Hepliaklqana was extremely pleased with you.
You visited 11 branches of the dungeon, and saw 53 of its levels.
You visited the Abyss 1 time.
You also visited: Trove, Gauntlet, Ice Cave, Wizlab and Desolation.

You collected 7767 gold pieces.
You spent 4591 gold pieces at shops.

Inventory:

Hand Weapons
 a - a +9 triple sword of holy wrath (weapon)
Missiles
 c - 10 throwing nets
 d - 6 javelins
 t - 74 boomerangs (quivered)
 v - 6 atropa-tipped darts
 z - 9 curare-tipped darts
 N - 12 darts of dispersal
 Z - 17 silver javelins
Armour
 e - the +1 cloak of Nezadal (worn) {-Tele rC+++ rCorr Str-4}
   (You found it in a treasure trove)

   Str-4:     It affects your strength (-4).
   rC+++:     It renders you almost immune to cold.
   -Tele:     It prevents most forms of teleportation.
   rCorr:     It protects you from acid and corrosion.
 l - a +0 cloak of willpower
 m - the +2 cloak of the Thief {*Fog Slay-2 SInv Stlth+}
   (You bought it in a shop on level 2 of the Orcish Mines)

   *Fog:      It may release a thick cloud of smoke when the wearer is hurt.
   Slay-2:    It affects your accuracy & damage with ranged weapons and melee
   (-2).
   SInv:      It lets you see invisible.
   Stlth+:    It makes you more stealthy.
 n - the +1 pair of gloves "Fumn" {rC+ Str+3 Dex-3 Stlth+}
   (You found it in a treasure trove)

   Str+3:     It affects your strength (+3).
   Dex-3:     It affects your dexterity (-3).
   rC+:       It protects you from cold.
   Stlth+:    It makes you more stealthy.
 w - +8 fire dragon scales (worn)
 C - the +4 dragonskin cloak
   (You took it off Tiamat on level 1 of the Realm of Zot)

   Avatar's Aegis: It grants the wearer a chance to resist fire, cold, poison,
   electricity, acid, and negative energy.
 H - the +2 pair of boots of Vlad (worn) {+Inv Str+3 Int+3 SInv}
   (You found it in a Gauntlet)

   Str+3:     It affects your strength (+3).
   Int+3:     It affects your intelligence (+3).
   SInv:      It lets you see invisible.
   +Inv:      It lets you turn invisible.
 K - a +6 tower shield of fire resistance (worn)
 M - the +1 pair of gloves of Fun (worn) {rCorr MP-9 Str-2 Dex+8}
   (You acquired it on level 1 of the Elven Halls)

   Str-2:     It affects your strength (-2).
   Dex+8:     It affects your dexterity (+8).
   MP-9:      It affects your magic capacity (-9).
   rCorr:     It protects you from acid and corrosion.
 Q - a +2 pair of boots of flying
Jewellery
 b - the ring of Longir {rPois rF+ Will+ rCorr}
   (You found it on level 5 of the Vaults)

   [ring of resist corrosion]

   rF+:       It protects you from fire.
   rPois:     It protects you from poison Will+: It increases your willpower.
   rCorr:     It protects you from acid and corrosion.
 k - an amulet of regeneration (around neck)
 R - the ring of Vuag (right hand) {rF+ Str-3 Dex+6 Slay+4}
   (You found it in an ice cave)

   [ring of slaying]

   Str-3:     It affects your strength (-3).
   Dex+6:     It affects your dexterity (+6).
   Slay+4:    It affects your accuracy & damage with ranged weapons and melee
   (+4).
   rF+:       It protects you from fire.
 V - the ring "Laev" {rPois Int+2 Dex+3 SInv}
   (You found it on level 5 of the Vaults)

   [ring of see invisible]

   Int+2:     It affects your intelligence (+2).
   Dex+3:     It affects your dexterity (+3).
   rPois:     It protects you from poison SInv: It lets you see invisible.
 X - the ring of Jutinig (left hand) {Ice rElec rN+ Dex+3 SInv}
   (You found it on level 5 of the Pits of Slime)

   [ring of ice]

   Ice:       It enhances your ice magic.
   Dex+3:     It affects your dexterity (+3).
   rF-:       It makes you vulnerable to fire.
   rC+:       It protects you from cold.
   rElec:     It insulates you from electricity.
   rN+:       It protects you from negative energy.
   SInv:      It lets you see invisible.
Wands
 p - a wand of charming (49)
 y - a wand of digging (28)
 A - a wand of mindburst (34)
 B - a wand of roots (62)
 S - a wand of light (18)
Scrolls
 g - 4 scrolls of butterflies
 h - 6 scrolls of vulnerability
 s - 3 scrolls of silence
 u - 2 scrolls of enchant weapon
 E - 2 scrolls of immolation
 J - 5 scrolls of fear
 T - 2 scrolls of fog
 U - 5 scrolls of poison
Potions
 f - 3 potions of magic
 o - a potion of attraction
 q - 8 potions of mutation
 r - 8 potions of heal wounds
 D - 2 potions of enlightenment
 F - 5 potions of invisibility
 G - 11 potions of curing
 I - 5 potions of resistance
 P - 5 potions of ambrosia
 Y - 4 potions of might
Miscellaneous
 j - a phial of floods
 O - a phantom mirror


   Skills:
 - Level 20.0 Fighting
 - Level 18.5(21.7) Short Blades
 - Level 19.0(22.0) Long Blades
 - Level 4.0 Throwing
 - Level 20.0 Armour
 - Level 25.0 Dodging
 - Level 17.0 Stealth
 * Level 21.3 Shields
 - Level 10.0 Invocations
 - Level 10.0 Evocations


You had 26 spell levels left.
You didn't know any spells.
Your spell library contained the following spells:

 Spells                   Type           Power      Damage    Failure   Level
 Apportation              Tloc           0%         N/A       69%         1
 Sandblast                Erth           0%         2d4       69%         1
 Shock                    Conj/Air       0%         1d3       69%         1
 Slow                     Hex            0%         N/A       69%         1
 Call Imp                 Summ           0%         N/A       83%         2
 Ensorcelled Hibernation  Hex/Ice        0%         N/A       83%         2
 Jinxbite                 Hex            0%         N/A       83%         2
 Lesser Beckoning         Tloc           0%         N/A       83%         2
 Mercury Vapours          Alch/Air       0%         N/A       83%         2
 Momentum Strike          Conj/Tloc      0%         3d8       83%         2
 Static Discharge         Conj/Air       0%         3-3/arc   83%         2
 Sublimation of Blood     Necr           0%         N/A       83%         2
 Call Canine Familiar     Summ           0%         N/A       96%         3
 Confusing Touch          Hex            0%         N/A       96%         3
 Fugue of the Fallen      Necr           0%         N/A       96%         3
 Gell's Gravitas          Tloc           0%         N/A       96%         3
 Inner Flame              Hex/Fire       0%         N/A       96%         3
 Mephitic Cloud           Conj/Alch/Air  0%         N/A       96%         3
 Passwall                 Erth           0%         N/A       96%         3
 Sigil of Binding         Hex            0%         N/A       96%         3
 Stone Arrow              Conj/Erth      0%         3d7       96%         3
 Teleport Other           Tloc           0%         N/A       96%         3
 Vampiric Draining        Necr           0%         2d6       96%         3
 Airstrike                Air            0%         2d(0-16)  100%        4
 Anguish                  Hex/Necr       0%         N/A       100%        4
 Brom's Barrelling Bould  Conj/Erth      0%         2d3       100%        4
 Cause Fear               Hex            0%         N/A       100%        4
 Dimensional Bullseye     Hex/Tloc       0%         N/A       100%        4
 Flame Wave               Conj/Fire      0%         2d4       100%        4
 Ignite Poison            Fire/Alch      0%         N/A       100%        4
 Leda's Liquefaction      Alch/Erth      0%         N/A       100%        4
 Passage of Golubria      Tloc           0%         N/A       100%        4
 Petrify                  Alch/Erth      0%         N/A       100%        4
 Sticky Flame             Fire/Alch      0%         2d4       100%        4
 Summon Lightning Spire   Summ/Air       0%         N/A       100%        4
 Alistair's Intoxication  Alch           0%         N/A       100%        5
 Fireball                 Conj/Fire      0%         3d3       100%        5
 Freezing Cloud           Conj/Ice/Air   0%         6-21      100%        5
 Irradiate                Conj/Alch      0%         3d11      100%        5
 Lee's Rapid Deconstruct  Erth           0%         3d4*      100%        5
 Silence                  Hex/Air        0%         N/A       100%        5
 Yara's Violent Unravell  Hex/Alch       0%         3d3       100%        5
 Bombard                  Conj/Erth      0%         9d1       100%        6
 Sculpt Simulacrum        Ice/Alch       0%         N/A       100%        6
 Enfeeble                 Hex            0%         N/A       100%        7
 Monstrous Menagerie      Summ           0%         N/A       100%        7
 Ozocubu's Refrigeration  Ice            0%         4d7       100%        7
 Spellforged Servitor     Conj/Summ      0%         N/A       100%        7
 Summon Hydra             Summ           0%         N/A       100%        7
 Ignition                 Fire           0%         3d3       100%        8
 Lehudib's Crystal Spear  Conj/Erth      0%         10d2      100%        8
 Summon Horrible Things   Summ           0%         N/A       100%        8
 Dragon's Call            Summ           0%         N/A       100%        9
 Polar Vortex             Ice            0%         N/A       100%        9
 Blink                    Tloc           Unusable   N/A       N/A         2

Dungeon Overview and Level Annotations

Branches:
Dungeon (15/15)            Temple (1/1) D:5            Lair (5/5) D:10
 Shoals (4/4) Lair:3        Snake (4/4) Lair:2        Slime (5/5) Lair:4
    Orc (2/2) D:10            Elf (3/3) Orc:2        Vaults (5/5) D:14
  Crypt (0/3) Vaults:3     Depths (4/4) D:15            Zot (5/5) Depths:4
  IceCv (visited)          WizLab (visited)         Desolation (visited)
Gauntlet (visited)

Altars:
Ashenzari
Cheibriados
Dithmenos
Elyvilon
Fedhas
Gozag
Hepliaklqana
Kikubaaqudgha
Makhleb
Nemelex Xobeh
Okawaru
Qazlal
Ru
Sif Muna
Trog
Uskayaw
Vehumet
Wu Jian
Xom
Yredelemnul
Zin
The Shining One
Jiyva

Shops:
D:3 *   D:6 :   D:9 *   D:10 *   D:14 *   Orc:2 [[**[   Elf:1 :   Elf:2 ?(?!?
Elf:3 :!:   Shoals:1 :   Shoals:2 *   Vaults:5 ??   Depths:1 [   Depths:2 ([

Portals:
Hell: Depths:1 Depths:2 Depths:3 Depths:4
Abyss: Depths:3
Pandemonium: Depths:2 Depths:3 Depths:4
Ziggurat: Depths:1


Innate Abilities, Weirdness & Mutations

Your life essence is reduced to manifest your ancestor. (-10% HP)
You cannot be hasted, slowed, berserked, paralysed or teleported.
You can dig through walls and to a lower floor.
You have a pair of large antennae on your head. (SInv)
Your four strong arms can wield two-handed weapons with a shield.
You are partially covered in iridescent scales. (AC +2)
Your magical capacity is low. (-10% MP)
Your muscles are strong. (Str +4, Int/Dex -1)
You are vulnerable to cold. (rC-)


Message History

There is a stone staircase leading down here.
You sense a monster nearby.
You see here a +0 dagger.
There is a stone staircase leading up here.
You climb upwards.
There is a stone staircase leading down here.
Unknown command.
(D) Dungeon (T) Temple (L) Lair (A) Shoals (P) Snake Pit (M) Slime Pits (O) Orcish Mines (E) Elven Halls (V) Vaults (C) Crypt (U) Depths (H) Hell (Z) Zot
Where to? (Tab/Enter - D:1 @ (x,y), ? - help)
You see here a +0 ring mail.
You sense a monster nearby.
An Orb Guardian comes into view.
You closely miss the Orb Guardian. The Orb Guardian hits you!
You carve the Orb Guardian like a ham!!!
The Orb Guardian is heavily wounded.
You block the Orb Guardian's attack. x2
You barely miss the Orb Guardian.
The Orb Guardian is heavily wounded.
You block the Orb Guardian's attack.
You barely miss the Orb Guardian.
The Orb Guardian is heavily wounded.
You block the Orb Guardian's attack.
You slice the Orb Guardian!!
The Orb Guardian is almost dead.
You block the Orb Guardian's attack.
You slice the Orb Guardian!!
You kill the Orb Guardian!
(D) Dungeon (T) Temple (L) Lair (A) Shoals (P) Snake Pit (M) Slime Pits (O) Orcish Mines (E) Elven Halls (V) Vaults (C) Crypt (U) Depths (H) Hell (Z) Zot
Where to? (Tab/Enter - D:1 @ (x,y), ? - help) HP restored.
There is an open door here.
There is a staircase leading out of the dungeon here.
Crab is recalled.
You have escaped!

.............##########.#
.............#..........#
#####..###..##.8..≈≈≈≈..#
........>..###..........#
############ ######.#####
#####'#### #........#
#........# #.@R.....#
#........# #........#
##########


You could see the friendly Crab the hexer.

Vanquished Creatures
  the Royal Jelly (Slime:5)
  2 dread liches
  Tiamat (Zot:1)
  2 ancient liches
  2 orbs of fire (Zot:5)
  A juggernaut (Depths:3)
  Boris (Depths:1)
  A Killer Klown (Zot:5)
  Vashnia (Snake:3)
  A curse toe (Zot:5)
  6 golden dragons
  Jorgrun (D:13)
  An electric golem (Zot:5)
  Asterion (Elf:1)
  6 tentacled monstrosities
  2 walking crystal tomes (Depths:3)
  5 quicksilver dragons
  22 Orb Guardians
  4 liches
  A deep elf blademaster (Elf:3)
  3 titans
  An Executioner (Abyss:3)
  3 sphinxes
  13 acid blobs
  6 death cobs
  A kraken (Shoals:4)
  4 tentacled starspawn (Abyss:2)
  A shadow dragon (Vaults:5)
  9 storm dragons
  7 tengu reavers
  2 draconian monks
  A nagaraja (Snake:4)
  Donald (Vaults:3)
  Ilsuiw (Shoals:4)
  4 rockslimes (Slime:5)
  12 azure jellies
  2 protean progenitors
  A daeva (Depths:1)
  8 fire giants
  7 deep elf sorcerers
  4 frost giants
  4 draconian shifters (Zot:2)
  16 vault wardens
  2 imperial myrmidons (Desolation)
  2 draconian knights (Zot:1)
  2 balrugs
  2 ghost moths
  6 deep elf elementalists (Elf:3)
  2 draconian scorchers (Zot:2)
  4 cacodemons
  6 draconian annihilators
  15 ironbound preservers
  A reaper (Lair:3)
  An orc warlord (Orc:2)
  6 quicksilver oozes
  2 formless jellyfish
  3 spriggan defenders
  12 stone giants
  5 ironbound thunderhulks
  6 green draconians
  A vampire knight (Depths:1)
  The ghost of Beno the Reanimator, a journeyman HuNe of Nemelex Xobeh (Elf:3)
  10 very ugly things
  6 black draconians
  3 deep elf death magi
  2 lorocyprocas (WizLab)
  A deep elf demonologist (Vaults:5)
  A halazid warlock (Desolation)
  A minotaur (Gauntlet)
  4 red draconians
  4 purple draconians
  3 spark wasps
  2 deep elf annihilators
  3 yellow draconians
  2 war gargoyles
  8 white draconians
  13 dire elephants
  2 blizzard demons (IceCv)
  Snorg (D:14)
  A green death (D:6)
  11 ettins
  3 crystal guardians
  A merfolk javelineer (Shoals:4)
  5 fire dragons
  An entropy weaver (Vaults:1)
  8 merfolk impalers
  6 deep elf high priests
  13 great orbs of eyes
  11 yaktaur captains
  3 ragged hierophants (Desolation)
  30 vault guards
  3 rakshasas
  A quicksilver dragon skeleton (Depths:1)
  4 hydras
  3 salamander tyrants
  6 peacekeepers
  2 catoblepae
  5 ice dragons
  3 spriggan air magi
  Erica (D:9)
  7 servants of whispers
  7 ironbound frosthearts
  2 ogre magi (D:14)
  12 centaur warriors
  A caustic shrike simulacrum (IceCv)
  2 radroaches (Zot:3)
  2 hell beasts
  9 anacondas
  10 merfolk aquamancers
  2 merfolk avatars
  12 naga warriors
  6 satyrs
  6 boulder beetles
  19 dancing weapons
  8 tengu warriors
  6 two-headed ogres
  7 deep troll shamans
  6 death yaks
  2 occultists
  12 naga sharpshooters
  3 spriggan berserkers
  3 deep troll earth magi
  4 orc high priests (Orc:2)
  7 shock serpents
  9 deep elf knights
  Sonja (Lair:1)
  6 sun demons
  3 wretched stars (Abyss:2)
  2 soul eaters
  4 skysharks
  5 spriggans (Depths:3)
  3 salamander mystics
  2 goliath frogs (Lair:5)
  6 hell knights
  5 sixfirhies
  4 iron trolls
  6 glowing orange brains
  8 sea snakes
  3 shadow demons (WizLab)
  A bog body (IceCv)
  38 deep trolls
  A sea snake (shapeshifter) (Elf:3)
  3 mana vipers
  2 arcanists (Vaults:1)
  A flayed ghost (Depths:3)
  5 deep elf archers
  17 ironbound convokers
  7 naga ritualists
  22 deep elf pyromancers
  6 spriggan simulacra
  A steelbarb worm (shapeshifter) (Vaults:5)
  3 necromancers
  16 harpies
  4 phantasmal warriors (Vaults:5)
  A wolf spider (D:14)
  2 starcursed masses (Abyss:2)
  9 orc knights
  A wolf spider (shapeshifter) (Elf:3)
  4 lindwurms
  17 deep elf zephyrmancers
  3 orc sorcerers
  A salamander (shapeshifter) (Vaults:5)
  A stone giant zombie (Depths:1)
  2 fauns (shapeshifter)
  3 shining eyes
  A glowing shapeshifter (Elf:3)
  24 ugly things
  3 cyclopes
  13 manticores
  14 fauns
  An oklob plant (Gauntlet)
  14 salamanders
  8 moths of wrath
  2 worldbinders (Abyss:2)
  15 elephants
  2 meliai (D:13)
  A kobold blastminer (Orc:2)
  A molten gargoyle (Desolation)
  An apocalypse crab (Abyss:2)
  A black mamba (shapeshifter) (D:14)
  8 merfolk sirens
  7 guardian serpents
  A stone giant skeleton (Depths:1)
  11 naga magi
  A naga zombie (Abyss:2)
  A fire giant skeleton (Depths:1)
  A water nymph (Shoals:1)
  13 vault sentinels
  A torpor snail (shapeshifter) (Vaults:4)
  19 cane toads
  3 smoke demons
  27 black mambas
  2 gargoyles (D:12)
  2 torpor snails (Lair:3)
  6 large abominations
  4 orange demons
  2 eyes of devastation
  5 anaconda simulacra (IceCv)
  Maggie (D:9)
  3 kobold demonologists
  3 hellions
  3 rime drakes
  5 freezing wraiths
  5 komodo dragons
  A tengu conjurer (Depths:4)
  2 efreet (D:14)
  A spark wasp simulacrum (Depths:1)
  3 tormentors
  8 ice devils
  A spriggan skeleton (Depths:1)
  2 golden dragon simulacra (IceCv)
  2 red devils
  3 ancient zymes (Abyss:2)
  23 yaktaurs
  5 tyrant leeches
  24 merfolk
  2 hellwings (WizLab)
  5 trolls
  2 polar bears
  28 saltlings
  4 hornets (Depths:3)
  2 wind drakes (Shoals:4)
  A wolf spider simulacrum (D:14)
  An alligator simulacrum (IceCv)
  A snapping turtle (shapeshifter) (Depths:3)
  A frost giant simulacrum (Depths:1)
  2 glass eyes
  A tarantella (shapeshifter) (Elf:3)
  3 dream sheep (Lair:4)
  9 snapping turtles
  17 blink frogs
  Sigmund (D:2)
  A centaur simulacrum (D:15)
  A vampire (D:10)
  An ettin skeleton (Abyss:2)
  A shadow (D:13)
  55 slime creatures
  A culicivora (shapeshifter) (Elf:2)
  A spriggan (shapeshifter) (D:14)
  16 water elementals
  2 air elementals (Elf:1)
  2 dire elephant simulacra (IceCv)
  9 fire elementals
  A ynoxinul (Depths:4)
  A human (Lair:3)
  53 yaks
  4 wraiths
  6 basilisks
  8 wyverns
  6 minotaur simulacra (IceCv)
  8 wargs
  4 golden eyes (Abyss:3)
  4 redbacks (Gauntlet)
  2 steam dragons (D:6)
  33 small abominations
  49 nagas
  10 vampire mosquitoes
  A chaos spawn (Abyss:2)
  An acid dragon (Gauntlet)
  10 water moccasins
  The ghost of wildpjah the Sneak, an amateur DEEn (D:3)
  2 hell hounds (Snake:3)
  29 orc warriors
  3 ice beasts
  6 laughing skulls
  11 ogres
  8 centaurs
  14 wolves
  8 boggarts
  9 weeping skulls
  5 kobold brigands
  14 bullfrogs
  2 gnoll sergeants
  A brain worm (Abyss:2)
  4 scorpions
  An earth elemental (Elf:1)
  9 deep troll simulacra (IceCv)
  4 wights
  3 hexers
  16 killer bees
  2 lindwurm simulacra (IceCv)
  2 howler monkeys
  3 bombardier beetles
  2 electric eels (Lair:3)
  4 crimson imps (Gauntlet)
  4 hounds
  27 orc priests
  2 jellies (Abyss:2)
  2 sleepcaps (D:5)
  7 iguanas
  21 orc wizards
  5 hell rats
  11 gnolls (D:7)
  5 adders
  3 shadow imps
  6 white imps
  4 ufetubi
  3 dart slugs
  A ribbon worm (D:3)
  58 orcs
  11 ball pythons
  5 endoplasms
  4 giant cockroaches
  15 goblins
  10 hobgoblins
  3 jackals (D:5)
  27 kobolds
  5 quokkas
  7 bats
  2 frilled lizards (D:1)
  8 rats
  An aspiring flesh (Zot:2)
1933 creatures vanquished.

Vanquished Creatures (collateral kills)
  An orb of fire (Zot:5)
  A juggernaut (Depths:3)
  4 Killer Klowns (Zot:5)
  A curse toe (Zot:5)
  A Hellbinder (WizLab)
  A bone dragon (Depths:4)
  An electric golem (Zot:5)
  A tentacled monstrosity (Vaults:4)
  8 Orb Guardians (Zot:5)
  A deep elf master archer (Elf:3)
  A sphinx (Vaults:5)
  2 titans
  3 acid blobs (Slime:5)
  Frances (Shoals:1)
  A death cob (Zot:5)
  2 shadow dragons
  3 storm dragons
  A tengu reaver (Vaults:4)
  2 nagarajas (Snake:4)
  A draconian monk (Zot:1)
  Aizul (Snake:1)
  2 protean progenitors
  A deep elf sorcerer (Elf:3)
  4 fire giants
  A frost giant (Depths:1)
  3 iron dragons
  2 deep elf elementalists (Elf:3)
  2 vault wardens (Vaults:4)
  2 balrugs
  A draconian shifter (Zot:2)
  4 draconian annihilators
  A formless jellyfish (Vaults:1)
  A spriggan defender (Depths:2)
  A quicksilver ooze (Slime:5)
  3 ironbound preservers
  2 stone giants
  3 very ugly things
  A vampire knight (Depths:2)
  2 black draconians
  2 deep elf annihilators (Elf:3)
  2 yellow draconians
  2 green draconians
  2 purple draconians (Zot:2)
  Azrael (Snake:3)
  2 dire elephants
  3 ettins
  A blizzard demon (WizLab)
  An eidolon (Depths:2)
  A crystal guardian (Desolation)
  A ragged hierophant (Desolation)
  A jiangshi (Vaults:3)
  3 fire dragons
  2 merfolk javelineers
  6 vault guards
  A hydra (D:14)
  2 yaktaur captains (Vaults:5)
  4 peacekeepers
  A spriggan air mage (Depths:2)
  A great orb of eyes (Vaults:4)
  2 anacondas
  A merfolk avatar (Shoals:4)
  A catoblepas (Lair:3)
  A death knight (Vaults:3)
  A salamander tyrant (Snake:4)
  An ironbound frostheart (Vaults:1)
  5 centaur warriors
  A merfolk aquamancer (Shoals:4)
  2 satyrs
  4 death yaks
  8 naga warriors
  3 deep troll earth magi
  3 deep troll shamans
  2 tengu warriors
  6 naga sharpshooters
  An orc high priest (Orc:2)
  12 dancing weapons
  A vampire mage (Vaults:3)
  A shock serpent (Snake:3)
  4 deep elf knights (Elf:2)
  5 spriggan berserkers
  A sixfirhy (D:14)
  2 sun demons (D:14)
  15 deep trolls
  An obsidian statue (IceCv)
  2 sea snakes (Shoals:3)
  A glowing orange brain (Depths:1)
  A shadow demon (WizLab)
  A mana viper (Snake:4)
  An arcanist (Vaults:1)
  A naga ritualist (Snake:4)
  A steelbarb worm (shapeshifter) (Vaults:4)
  7 deep elf archers
  An ironbound convoker (Desolation)
  7 deep elf pyromancers
  6 deep elf zephyrmancers
  8 harpies
  A necromancer (Depths:1)
  2 phantasmal warriors
  7 manticores
  4 fauns (Shoals:3)
  4 ugly things
  A faun (shapeshifter) (Vaults:5)
  A salamander (Snake:3)
  A cyclops (D:14)
  6 moths of wrath
  A meliai (D:13)
  6 elephants
  2 merfolk sirens
  An iron dragon skeleton (Depths:1)
  4 water nymphs
  5 black mambas
  A rust devil (WizLab)
  6 naga magi
  5 cane toads (Lair:5)
  6 vault sentinels
  2 kobold demonologists
  6 orange demons
  5 yaktaurs
  4 komodo dragons
  A freezing wraith (Depths:2)
  A troll (D:11)
  A tormentor (WizLab)
  11 merfolk
  A wind drake (Shoals:3)
  2 hornets
  A polar bear (Lair:4)
  Grinder (D:3)
  3 glass eyes
  14 saltlings (Desolation)
  9 blink frogs
  3 snapping turtles (Shoals:4)
  2 dream sheep (Lair:4)
  14 slime creatures
  4 air elementals
  12 water elementals
  2 yaks (shapeshifter) (Elf:3)
  16 yaks
  A basilisk (shapeshifter) (Elf:3)
  7 fire elementals
  5 wargs
  2 basilisks
  3 vampire mosquitoes
  3 minotaur simulacra (IceCv)
  2 acid dragons
  14 nagas
  An acid dragon (shapeshifter) (Elf:3)
  3 water moccasins
  13 orc warriors
  Pargi (D:3)
  A sky beast (D:7)
  5 ogres
  A black bear (shapeshifter) (Elf:3)
  An ice beast (D:8)
  5 wolves
  2 kobold brigands (D:10)
  A deep troll simulacrum (IceCv)
  7 bullfrogs
  3 earth elementals
  9 killer bees
  2 electric eels
  A howler monkey (D:11)
  A gnoll bouda (D:7)
  7 orc priests (Orc:2)
  A jelly (D:3)
  An iguana (D:6)
  2 hell rats (Lair:5)
  8 orc wizards
  2 gnolls
  An adder (D:6)
  2 white imps
  21 orcs
  5 kobolds
  A spectral orc (D:8)
  An aspiring flesh (Zot:2)
559 creatures vanquished.

Vanquished Creatures (others)
  A ghost moth (Zot:1)
  A salamander (Snake:2)
  A freezing wraith (Vaults:3)
  A merfolk (Shoals:4)
  2 saltlings
  An air elemental (Elf:1)
  A neqoxec (Zot:2)
  36 hexers
  2 orcs
  6 starspawn tentacles (Abyss:2)
52 creatures vanquished.

Grand Total: 2544 creatures vanquished

Notes
Turn   | Place    | Note
-------+----------+-------------------------------------------
     0 | D:1      | Implojin the Formicid Gladiator began the quest for the
                  | Orb.
     0 | D:1      | Reached XP level 1. HP: 16/16 MP: 1/1
    32 | D:1      | Reached skill level 1 in Stealth
    65 | D:1      | Reached XP level 2. HP: 19/22 MP: 2/2
   492 | D:1      | Reached XP level 3. HP: 27/27 MP: 3/3
  1329 | D:2      | Noticed Sigmund
  1343 | D:2      | Killed Sigmund
  1344 | D:2      | Reached skill level 5 in Short Blades
  1344 | D:2      | Reached XP level 4. HP: 28/35 MP: 4/4
  1344 | D:2      | Reached XP level 5. HP: 33/41 MP: 5/5
  1344 | D:2      | Reached XP level 6. HP: 38/47 MP: 6/6
  2470 | D:3      | Noticed Pargi
  2662 | D:3      | Found a faded altar of an unknown god.
  2711 | D:3      | Found a runed translucent gate.
  2711 | D:3      | Found a runed translucent gate.
  2711 | D:3      | Found a runed translucent gate.
  2712 | D:3      | Found an opulent altar of Gozag.
  2713 | D:3      | Noticed wildpjah's ghost (amateur DEEn)
  2754 | D:3      | Found Cuzij's General Store.
  2765 | D:3      | Bought a potion of heal wounds for 70 gold pieces
  2983 | D:3      | Noticed Grinder
  3145 | D:4      | Found a bloodstained altar of Trog.
  3467 | D:4      | Found a snail-covered altar of Cheibriados.
  3822 | D:4      | Reached XP level 7. HP: 52/52 MP: 7/7
  4502 | D:5      | Entered Level 5 of the Dungeon
  4641 | D:5      | Found a staircase to the Ecumenical Temple.
  4650 | Temple   | Entered the Ecumenical Temple
  4659 | Temple   | Became a worshipper of Hepliaklqana the Forgotten
  4755 | D:5      | Reached XP level 8. HP: 58/58 MP: 8/8
  4979 | D:5      | Reached skill level 5 in Stealth
  5324 | D:5      | Reached skill level 5 in Fighting
  5327 | D:5      | HP: 3/63 [poisoned by a water moccasin]
  5332 | D:5      | HP: 3/63 [poisoned by a water moccasin]
  5654 | D:6      | Reached skill level 1 in Evocations
  5654 | D:6      | Reached XP level 9. HP: 69/69 MP: 9/9
  5691 | D:6      | Noticed a two-headed ogre
  5819 | D:6      | Reached skill level 5 in Evocations
  5899 | D:6      | Identified the +6 falchion of Valour {drain, Str+2}
  6037 | D:6      | Killed a two-headed ogre
  6167 | D:6      | Reached * piety under Hepliaklqana
  6324 | D:6      | Found Redd's Book Emporium.
  6345 | D:6      | Reached XP level 10. HP: 55/71 MP: 10/10
  6764 | D:6      | Found a shadowy altar of Dithmenos.
  6819 | D:6      | Found an opulent altar of Gozag.
  6930 | D:3      | Killed Pargi
  7070 | D:3      | Found a faded altar of an unknown god.
  7361 | D:3      | Found Cuzij's General Store.
  7374 | D:3      | Found a runed translucent gate.
  7374 | D:3      | Found a runed translucent gate.
  7374 | D:3      | Found a runed translucent gate.
  7375 | D:3      | Found an opulent altar of Gozag.
  7456 | D:3      | Killed Grinder
  7657 | D:3      | Killed wildpjah's ghost
  7946 | D:7      | Reached skill level 10 in Short Blades
  8432 | D:7      | Reached skill level 3 in Dodging
  8684 | D:7      | Reached skill level 4 in Dodging
  9116 | D:8      | Reached skill level 5 in Dodging
  9234 | D:8      | Reached ** piety under Hepliaklqana
  9235 | D:8      | Remembered your ancestor Crab as a hexer
  9531 | D:8      | Reached XP level 11. HP: 46/75 MP: 8/11
 10011 | D:8      | Found a basalt altar of Yredelemnul.
 10286 | D:9      | Noticed Maggie
 10332 | D:9      | Killed Maggie
 10344 | D:9      | Reached skill level 10 in Stealth
 10613 | D:9      | Noticed Erica
 10617 | D:9      | Killed Erica
 10768 | D:9      | Reached skill level 10 in Evocations
 10921 | D:9      | Found Cuarue Zueck's General Store.
 10924 | D:9      | Bought a potion of curing for 39 gold pieces
 10924 | D:9      | Bought a wand of light (4) for 218 gold pieces
 10924 | D:9      | Bought a scroll of fog for 52 gold pieces
 11214 | D:10     | Entered Level 10 of the Dungeon
 11214 | D:10     | Found an ancient bone altar of Kikubaaqudgha.
 11214 | D:10     | Found a radiant altar of Vehumet.
 11216 | D:10     | Found a sparkling altar of Nemelex Xobeh.
 11216 | D:10     | Found a sacrificial altar of Ru.
 11292 | D:10     | Noticed Lodul
 11380 | D:10     | Found a staircase to the Lair.
 11382 | D:10     | Reached *** piety under Hepliaklqana
 11389 | D:10     | Noticed a soul eater
 11603 | D:3      | Bought a scroll of enchant weapon for 105 gold pieces
 11603 | D:3      | Bought a +0 kite shield for 63 gold pieces
 11765 | D:10     | Lodul changed into Lodul the ice beast
 11765 | D:10     | Noticed Lodul
 11776 | D:10     | Killed Lodul the ice beast
 11885 | D:10     | Noticed a sixfirhy
 11918 | D:10     | Reached XP level 12. HP: 72/82 MP: 12/12
 12011 | D:10     | Found a hide-covered altar of Uskayaw.
 12018 | D:10     | Found a shimmering altar of Xom.
 12062 | D:10     | Found a staircase to the Orcish Mines.
 12160 | D:10     | Found a glowing silver altar of Zin.
 12442 | D:10     | Found Ea-nāṣir's Fine Metal Goods.
 12737 | D:11     | Noticed a two-headed ogre
 12743 | D:11     | Killed a two-headed ogre
 12770 | D:11     | Reached **** piety under Hepliaklqana
 13355 | D:11     | Found a portal to a secret trove of treasure.
 13468 | D:11     | Identified a scroll of acquirement
 13469 | D:11     | Acquired 665 gold pieces
 13635 | D:6      | Bought a manual of Fighting for 1040 gold pieces
 13793 | Lair:1   | Entered Level 1 of the Lair of Beasts
 13799 | Lair:1   | Identified the +1 scale mail of Sophism {rElec Stlth+}
 14021 | Lair:1   | Reached skill level 10 in Fighting
 14106 | Lair:1   | Reached skill level 1 in Invocations
 14236 | Lair:1   | Reached skill level 5 in Invocations
 14296 | Lair:1   | Reached XP level 13. HP: 81/95 MP: 17/17
 14326 | Lair:1   | Noticed Sonja
 14340 | Lair:1   | Killed Sonja
 15083 | Lair:2   | Reached ***** piety under Hepliaklqana
 15085 | Lair:2   | Found a staircase to the Snake Pit.
 15225 | Lair:2   | You fall into a shaft and drop 1 floor!
 15362 | Lair:3   | Reached skill level 1 in Shields
 15387 | Lair:3   | Found a staircase to the Shoals.
 15445 | Lair:3   | Noticed an eight-headed hydra
 15546 | Lair:3   | Noticed a catoblepas
 15548 | Lair:3   | Noticed a catoblepas
 15567 | Lair:3   | Killed a catoblepas
 15568 | Lair:3   | Reached skill level 5 in Shields
 15597 | Lair:3   | Killed a catoblepas
 15770 | Lair:3   | Reached XP level 14. HP: 67/108 MP: 19/19
 15985 | Lair:3   | Reached skill level 10 in Shields
 16129 | Lair:3   | Reached skill level 6 in Dodging
 16359 | Lair:3   | Reached skill level 7 in Dodging
 16749 | Lair:3   | Found a runed translucent door.
 16761 | Lair:3   | Noticed a reaper
 16781 | Lair:3   | Killed a reaper
 17043 | Lair:2   | Reached skill level 8 in Dodging
 17367 | Lair:2   | Reached skill level 9 in Dodging
 17614 | Lair:2   | Reached skill level 10 in Dodging
 17757 | Lair:2   | Reached skill level 1 in Armour
 17822 | Lair:2   | Reached XP level 15. HP: 91/113 MP: 20/20
 18351 | Lair:4   | Found a runed translucent door.
 18351 | Lair:4   | Found a viscous altar of Jiyva.
 18352 | Lair:4   | Noticed an azure jelly
 18355 | Lair:4   | Found a staircase to the Slime Pits.
 18364 | Lair:4   | Killed an azure jelly
 18365 | Lair:4   | Reached skill level 5 in Armour
 18972 | Lair:5   | Entered Level 5 of the Lair of Beasts
 19134 | Lair:5   | Reached skill level 15 in Fighting
 19851 | Lair:5   | Identified the +5 scale mail of Impressiveness {rElec rN+
                  | Dex+4}
 21430 | D:12     | Reached XP level 16. HP: 126/126 MP: 21/21
 21592 | D:13     | Found a gate leading to a gauntlet.
 21609 | Gauntlet | Entered a Gauntlet
 21609 | Gauntlet | Found a transporter.
 21609 | Gauntlet | Found a transporter.
 21613 | Gauntlet | Found a transporter.
 21620 | Gauntlet | Found a transporter.
 21640 | Gauntlet | Found a transporter.
 21654 | Gauntlet | Found a transporter.
 21655 | Gauntlet | Found a transporter.
 21666 | Gauntlet | Found a transporter.
 21701 | Gauntlet | Found a transporter.
 21710 | Gauntlet | Found a transporter.
 21728 | Gauntlet | Found a transporter.
 21739 | Gauntlet | Found a transporter.
 21784 | Gauntlet | Found a transporter.
 21804 | Gauntlet | Found a transporter.
 21914 | Gauntlet | Found a transporter.
 21937 | Gauntlet | Found a transporter.
 22066 | Gauntlet | Identified the +2 pair of boots of Vlad {+Inv Str+3 Int+3
                  | SInv}
 22289 | Gauntlet | Identified the +8 broad axe "Qadam" {elec, rElec rPois}
 22289 | Gauntlet | Identified the +0 pearl dragon scales of Okawaru's
                  | Condemnation {-Cast rElec rPois rN+}
 22331 | Gauntlet | Identified the +3 ring mail "Jaomnixt" {Will+}
 22336 | Gauntlet | Got the Octavo of Windy Transfiguration
 22606 | D:13     | Identified the +1 robe "Xatrauny" {rC+++ Str-4 Int+7 Dex-2}
 22659 | D:13     | Noticed Jorgrun
 22665 | D:13     | Killed Jorgrun
 22936 | D:13     | Identified the +5 quarterstaff of Revolt {heavy, rPois}
 23760 | D:14     | Reached ****** piety under Hepliaklqana
 23813 | D:14     | Identified the +0 chain mail of the Amoeba {Int+3}
 23818 | D:14     | Found a gate to the Vaults.
 23997 | D:14     | Noticed Snorg
 24004 | D:14     | Killed Snorg
 24222 | D:14     | Identified the +1 cloak of Parlour Games {Harm Rampage
                  | rCorr}
 24252 | D:14     | Reached skill level 15 in Shields
 24258 | D:14     | Identified the staff "Ant's Doom" {rF+ rC+++ rN+ Str+5
                  | Necro}
 24573 | D:14     | Found Xygirph's Serpentskin Sales.
 24622 | D:15     | Entered Level 15 of the Dungeon
 24654 | D:15     | Found a staircase to the Depths.
 24981 | D:15     | Reached XP level 17. HP: 65/132 MP: 22/22
 25597 | D:15     | Reached skill level 10 in Armour
 26031 | Orc:1    | Entered Level 1 of the Orcish Mines
 26108 | Orc:2    | Entered Level 2 of the Orcish Mines
 26215 | Orc:2    | Gained mutation: You are frail. (-10% HP) [a neqoxec]
 26230 | Orc:2    | Gained mutation: You have hidden genetic defects. [a
                  | neqoxec]
 26232 | Orc:1    | Lost mutation: You are frail. (-10% HP) [potion of
                  | mutation]
 26232 | Orc:1    | Lost mutation: You have hidden genetic defects. [potion of
                  | mutation]
 26232 | Orc:1    | Gained mutation: Your magical capacity is low. (-10% MP)
                  | [potion of mutation]
 26232 | Orc:1    | Lost mutation: Your magical capacity is low. (-10% MP)
                  | [potion of mutation]
 26232 | Orc:1    | Gained mutation: You are partially covered in iridescent
                  | scales. (AC +2) [potion of mutation]
 26713 | Orc:2    | Found a staircase to the Elven Halls.
 26866 | Orc:2    | Found Xilacwia's Armour Boutique.
 27479 | Orc:2    | Found Beska's General Store.
 27482 | Orc:2    | Found Zumed's General Store.
 27483 | Orc:2    | Found Ynull's Armour Shop.
 27484 | Orc:2    | Found Touttof's Antique Armour Shop.
 27488 | Orc:2    | Bought a scroll of identify for 26 gold pieces
 27950 | Orc:2    | Bought a pair of transparent gloves for 351 gold pieces
 27950 | Orc:2    | Identified the +0 pair of gloves of Valiance {Int+3} (You
                  | bought it in a shop on level 2 of the Orcish Mines)
 27980 | Orc:2    | Bought a scroll of enchant weapon for 105 gold pieces
 27980 | Orc:2    | Bought a potion of heal wounds for 70 gold pieces
 27983 | Orc:2    | Bought the +2 cloak of the Thief {*Fog Slay-2 SInv Stlth+}
                  | for 743 gold pieces
 27983 | Orc:2    | Found the +2 cloak of the Thief {*Fog Slay-2 SInv Stlth+}
 28084 | Orc:2    | Bought an embroidered scarf for 296 gold pieces
 28252 | Snake:1  | Entered Level 1 of the Snake Pit
 28504 | Snake:1  | Reached skill level 10 in Invocations
 28520 | Snake:1  | Identified the serpent talisman "Geacaun" {rC+ Int+5}
 28520 | Snake:1  | Noticed Aizul
 28528 | Snake:1  | Killed Aizul
 29599 | Snake:2  | Identified the ring of Plog {MP+9 AC+4}
 29637 | Snake:2  | Reached XP level 18. HP: 141/141 MP: 25/25
 30437 | Snake:3  | Noticed Azrael
 30457 | Snake:3  | Killed Azrael
 30751 | Snake:3  | Reached skill level 15 in Armour
 31170 | Snake:3  | Noticed Vashnia
 31183 | Snake:3  | Killed Vashnia
 31808 | Snake:4  | Entered Level 4 of the Snake Pit
 32007 | Snake:4  | Identified the +12 orcbow "Opnonuyd" {antimagic, Will+}
 32337 | Snake:4  | Reached XP level 19. HP: 146/146 MP: 26/26
 32667 | Snake:4  | Reached skill level 15 in Stealth
 32796 | Snake:4  | Got a serpentine rune of Zot
 33104 | Snake:4  | Upgraded the game from 0.31-a0-1603-gbec6b6ccbf to
                  | 0.31-a0-1611-g890cdf5628
 33112 | Snake:4  | .
 33498 | Shoals:1 | Entered Level 1 of the Shoals
 33625 | Shoals:1 | Noticed Frances
 33643 | Shoals:1 | Killed Frances
 33748 | Shoals:1 | Noticed a walking crystal tome
 33750 | Shoals:1 | Found Xuleheg's Book Boutique.
 33752 | Shoals:1 | Noticed a walking earthen tome
 34602 | Shoals:2 | Found Cyaxkiu's General Store.
 34900 | Shoals:3 | Reached skill level 15 in Short Blades
 35235 | Shoals:3 | Reached XP level 20. HP: 153/153 MP: 27/27
 35412 | Shoals:4 | Entered Level 4 of the Shoals
 35496 | Shoals:4 | Found a glacial archway.
 35517 | IceCv    | Entered an ice cave
 36073 | IceCv    | Identified the +3 pair of gloves of Past Mistakes {Dex+4}
 36093 | IceCv    | Identified the ring of Vuag {rF+ Str-3 Dex+6 Slay+4}
 36728 | Shoals:4 | Noticed Ilsuiw
 36768 | Shoals:4 | Killed Ilsuiw
 36770 | Shoals:4 | Reached skill level 11 in Dodging
 37194 | Shoals:4 | Identified the +9 flail of Noigimm Sijy {elec, *Slow rPois
                  | rF+ Str+3}
 37203 | Shoals:4 | Reached skill level 12 in Dodging
 37383 | Shoals:4 | Got a barnacled rune of Zot
 37726 | Shoals:2 | Bought a scroll of enchant weapon for 120 gold pieces
 37726 | Shoals:2 | Bought a potion of resistance for 160 gold pieces
 37890 | Elf:1    | Entered Level 1 of the Elven Halls
 37972 | Elf:1    | Got the Directory of Haze
 38273 | Elf:1    | Reached skill level 13 in Dodging
 38536 | Elf:1    | Reached XP level 21. HP: 159/159 MP: 28/28
 38687 | Elf:1    | Found Aghigeca's Book Boutique.
 38701 | Elf:1    | Noticed Asterion
 38721 | Elf:1    | Killed Asterion
 39305 | Elf:2    | Found a huge runed translucent gate.
 39305 | Elf:2    | Found a huge runed translucent gate.
 39305 | Elf:2    | Found a huge runed translucent gate.
 39307 | Elf:2    | Found a huge runed translucent gate.
 39309 | Elf:2    | Found a huge runed translucent gate.
 39359 | Elf:2    | Found Getyecrebb's Magic Scroll Boutique.
 39359 | Elf:2    | Found Toneagoc's Antique Weapon Shop.
 39360 | Elf:2    | Found Pouky's Magic Scroll Shop.
 39374 | Elf:2    | Found Ili Igif's Distillery.
 39376 | Elf:2    | Reached skill level 14 in Dodging
 39680 | Elf:2    | Found Nasory's Magic Scroll Shoppe.
 40089 | Elf:3    | Entered Level 3 of the Elven Halls
 40123 | Elf:3    | Found Wyqi Qoc's Book Shop.
 40126 | Elf:3    | Found Hemos's Distillery.
 40129 | Elf:3    | Found Gell's Book Shop.
 40327 | Elf:3    | Found a transporter.
 40331 | Elf:3    | Noticed Beno's ghost (journeyman HuNe)
 40348 | Elf:3    | Found a transporter.
 40658 | Elf:3    | Reached skill level 15 in Dodging
 41210 | Elf:2    | Acquired the +1 pair of gloves of Fun {rCorr MP-9 Str-2
                  | Dex+8}
 41360 | Elf:3    | Reached skill level 1 in Long Blades
 41422 | Elf:3    | Identified the +2 war axe "Leojon" {heavy, rPois}
 41430 | Elf:3    | Reached skill level 5 in Long Blades
 41493 | Elf:3    | Reached XP level 22. HP: 148/162 MP: 20/29
 41598 | Elf:3    | Identified the ring "Zocly" {rPois Str+6 Int-2}
 41620 | Elf:3    | Identified the +11 orcbow of Pride {freeze, rElec}
 41760 | Elf:3    | Identified the staff "Tira" {Will+++ Earth}
 41848 | Elf:3    | Killed Beno's ghost
 41850 | Elf:3    | Identified the amulet of Laol Poj {Acrobat rC+ Slay+2}
 41852 | Elf:3    | Identified the +1 pair of gloves of Pozixuh {Dex+3}
 41867 | Elf:3    | Got Koxkuytt's Atlas of Synthesis
 41951 | Elf:2    | Bought a potion of heal wounds for 85 gold pieces
 41951 | Elf:2    | Bought a potion of heal wounds for 85 gold pieces
 41961 | Elf:2    | Bought a scroll of enchant weapon for 105 gold pieces
 41976 | Elf:2    | Bought a scroll of enchant armour for 75 gold pieces
 41976 | Elf:2    | Bought 3 scrolls of enchant armour for 225 gold pieces
 41976 | Elf:2    | Bought 2 scrolls of enchant armour for 150 gold pieces
 42248 | Vaults:1 | Entered Level 1 of the Vaults
 42438 | Vaults:1 | Found a crumbling gateway.
 42468 | Desolati | Entered the Desolation of Salt
 42525 | Desolati | Reached skill level 10 in Long Blades
 42770 | Desolati | Identified the +2 short sword "Grim Tooth" {heavy, Fly
                  | rPois Int+4}
 42781 | Desolati | Identified the +5 short sword "Fiostriesk" {freeze, rF+
                  | rCorr Int+3}
 42845 | Desolati | Identified the +0 lajatang "Wionakoh" {protect, rPois Will+
                  | Dex+2}
 42950 | Desolati | Identified the +7 hand axe of Blood-Lust {antimagic, Fly}
 42951 | Desolati | Identified the +4 spear of Hixtata {flame, ^Drain Int+3
                  | Dex+2 Stlth+}
 44406 | Vaults:1 | Reached XP level 23. HP: 166/171 MP: 21/30
 45131 | Vaults:2 | Reached skill level 15 in Long Blades
 45473 | Vaults:2 | Identified the +4 war axe of Juremashu {freeze, rF+ rN+
                  | Int+3 Dex-2}
 45890 | Vaults:3 | Noticed Donald
 45899 | Vaults:3 | Killed Donald
 46126 | Vaults:3 | Found a staircase to the Crypt.
 46638 | Vaults:3 | Identified the +1 ring mail "Doepiog" {rF+ Will+ Str+2
                  | Stlth+}
 47378 | Vaults:4 | Reached XP level 24. HP: 177/177 MP: 21/30
 47990 | Vaults:5 | Entered Level 5 of the Vaults
 48185 | Vaults:5 | Noticed a golden dragon
 48294 | Vaults:5 | Identified the amulet of the Filigreed Apricot {Faith rF++
                  | rC+ Str-4}
 48307 | Vaults:5 | Noticed a golden dragon
 48318 | Vaults:4 | Killed a golden dragon
 48414 | Vaults:5 | Noticed an ancient lich
 48422 | Vaults:4 | Reached skill level 16 in Dodging
 48423 | Vaults:4 | Killed a golden dragon
 48913 | D:11     | You paid a toll of +3 gold dragon scales to enter a
                  | treasure trove
 48914 | Trove    | Entered a treasure trove
 48950 | Trove    | Identified the +1 cloak of Nezadal {-Tele rC+++ rCorr
                  | Str-4}
 48962 | Trove    | Identified the +2 pair of gloves of the Wasteland {Str+2}
 48964 | Trove    | Identified the +1 pair of gloves "Fumn" {rC+ Str+3 Dex-3
                  | Stlth+}
 48996 | Trove    | Identified the +0 helmet of the Game of Life {rPois Int-3
                  | Slay+5}
 49003 | Trove    | Found the crystal ball of Wucad Mu {*channel}
 49284 | Depths:1 | Entered Level 1 of the Depths
 49297 | Depths:1 | Found a one-way gateway to a ziggurat.
 49386 | Depths:1 | Reached skill level 17 in Dodging
 49401 | Depths:1 | Noticed Boris
 49407 | Depths:1 | Killed Boris
 49844 | Depths:1 | Reached skill level 18 in Dodging
 50156 | Depths:1 | Found Xoplom's Armour Boutique.
 50483 | Depths:1 | Found a gateway to Hell.
 50630 | Depths:2 | Found a magical portal.
 50669 | WizLab   | Entered The Hall of the Hellbinder
 50728 | WizLab   | Noticed a dread lich
 50733 | WizLab   | Noticed a dread lich
 50740 | WizLab   | Killed a dread lich
 50745 | WizLab   | Reached XP level 25. HP: 177/183 MP: 21/30
 50806 | WizLab   | Reached skill level 19 in Dodging
 50868 | WizLab   | Found a burning altar of Makhleb.
 50911 | WizLab   | Got Asmodeus's Folio of the Commander
 50914 | WizLab   | Identified the +0 cloak of Houcw {+Inv Int+2 Dex+2}
 51119 | Depths:2 | Found Pycevop's Antique Weapon Boutique.
 51132 | Depths:2 | Found Ruahuug's Armour Shop.
 51263 | Depths:2 | Found an ornate altar of the Wu Jian Council.
 51888 | Depths:2 | Reached skill level 20 in Dodging
 52021 | Depths:2 | Found a one-way gate leading to the halls of Pandemonium.
 52367 | Depths:3 | Noticed a juggernaut
 52372 | Depths:3 | Killed a juggernaut
 52411 | Depths:3 | Noticed a juggernaut
 52417 | Depths:3 | Killed a juggernaut
 52428 | Depths:3 | Reached skill level 21 in Dodging
 52782 | Depths:3 | Found a one-way gate to the infinite horrors of the Abyss.
 53246 | Depths:3 | Reached XP level 26. HP: 189/189 MP: 21/30
 53266 | Depths:4 | Entered Level 4 of the Depths
 53391 | Depths:4 | Found a gate to the Realm of Zot.
 53486 | Depths:4 | Reached skill level 22 in Dodging
 53853 | Depths:4 | Found a stormy altar of Qazlal.
 54442 | Slime:1  | Entered Level 1 of the Pits of Slime
 54491 | Slime:5  | Entered Level 5 of the Pits of Slime
 54587 | Slime:5  | :hmm
 54612 | Slime:5  | Noticed the Royal Jelly
 54622 | Slime:5  | Killed the Royal Jelly
 54688 | Slime:5  | Got a starry gem with 373 turns to spare
 54690 | Slime:5  | Got a slimy rune of Zot
 54698 | Slime:5  | Identified the ring of Jutinig {Ice rElec rN+ Dex+3 SInv}
 54727 | Slime:5  | Identified the +0 robe "Sestroj" {-Cast rPois rCorr Str+3}
 55228 | Vaults:5 | Killed an ancient lich
 55241 | Vaults:5 | Reached XP level 27. HP: 165/195 MP: 20/30
 55416 | Vaults:5 | Found Watir's Magic Scroll Shoppe.
 55427 | Vaults:5 | Acquired a manual of Invocations
 55440 | Vaults:5 | Bought a scroll of fear for 76 gold pieces
 55485 | Vaults:5 | Identified the +8 lajatang "Oluar" {protect, rPois rF+
                  | Int-5 Dex+3}
 55491 | Vaults:5 | Identified the ring "Laev" {rPois Int+2 Dex+3 SInv}
 55621 | Vaults:5 | Identified the ring of Longir {rPois rF+ Will+ rCorr}
 55810 | Vaults:5 | Found Pabuneve's Magic Scroll Boutique.
 55815 | Vaults:5 | Bought a scroll of silence for 190 gold pieces
 55982 | Vaults:5 | Identified the +0 robe "Nemaymis" {+Blink rN+ Slay+2}
 55991 | Vaults:5 | Got a silver rune of Zot
 56600 | Vaults:5 | Bought a scroll of enchant armour for 142 gold pieces
 56886 | Depths:3 | Voluntarily entered the Abyss.
 57086 | Abyss:2  | Found a corrupted altar of Lugonu.
 57089 | Abyss:2  | Found a corrupted altar of Lugonu.
 57089 | Abyss:2  | Found a corrupted altar of Lugonu.
 57381 | Abyss:2  | Found a corrupted altar of Lugonu.
 57398 | Abyss:2  | Found a corrupted altar of Lugonu.
 57398 | Abyss:2  | Found a corrupted altar of Lugonu.
 57492 | Abyss:3  | Gained mutation: You are vulnerable to cold. (rC-) [a
                  | cacodemon]
 57494 | Abyss:3  | Gained mutation: Your muscles are strong. (Str +4, Int/Dex
                  | -1) [a cacodemon]
 57497 | Abyss:3  | Gained mutation: Your magical capacity is low. (-10% MP) [a
                  | cacodemon]
 57545 | Abyss:3  | Got an abyssal rune of Zot
 57563 | Depths:3 | Escaped the Abyss
 57607 | Zot:1    | Entered Level 1 of the Realm of Zot
 57689 | Zot:1    | Found the +4 dragonskin cloak
 57689 | Zot:1    | Noticed Tiamat
 57733 | Zot:1    | Killed Tiamat
 57952 | Zot:3    | Reached skill level 23 in Dodging
 58029 | Zot:5    | Entered Level 5 of the Realm of Zot
 58195 | Zot:5    | Got a prismatic gem with 454 turns to spare
 58214 | Zot:5    | Noticed a Killer Klown
 58225 | Zot:5    | Noticed a Killer Klown
 58226 | Zot:5    | Noticed a dread lich
 58255 | Zot:5    | Noticed an orb of fire
 58262 | Zot:5    | Killed an orb of fire
 58268 | Zot:5    | Noticed an orb of fire
 58270 | Zot:5    | Killed a Killer Klown
 58274 | Zot:5    | Killed an orb of fire
 58278 | Zot:5    | Noticed an ancient lich
 58284 | Zot:5    | Reached skill level 24 in Dodging
 58287 | Zot:5    | Killed an ancient lich
 58317 | Zot:5    | Killed a Killer Klown
 58324 | Zot:5    | Noticed a Killer Klown
 58333 | Zot:5    | Noticed a Killer Klown
 58338 | Zot:5    | Killed a Killer Klown
 58341 | Zot:5    | Killed a Killer Klown
 58352 | Zot:5    | Noticed an orb of fire
 58360 | Zot:5    | Noticed a Killer Klown
 58361 | Zot:5    | Killed an orb of fire
 58393 | Zot:5    | Reached skill level 25 in Dodging
 58401 | Zot:5    | Killed a Killer Klown
 58412 | Zot:5    | Got the Orb of Zot
 58417 | Zot:5    | Killed a dread lich
 58489 | Zot:4    | Noticed a Killer Klown
 58557 | Zot:2    | Noticed Sonnan the pandemonium lord
 59126 | D:$      | Escaped with the Orb!

Illustrated notes ..............................## .#####.......###...............# ##...###...###.#######.........# #......#...#.........#..[......# ##....##...#..R.....##...[[....# .####'#....#..####..##......#### ...........###'..#...#.......# #####.....###..R.##..#.......# ##....#.#...@.#..#.......# #....#.##...+#..'.......## #....##.######..#........## #.....#'#########.........# #+# #................[........# #.#+##.........(..........[...## ...........................).## ########.....####'###.####...## #.....#.##...###..#....## Turn 33112 on Snake:4:

. ,***##...........#*
,,,,#..#.##.#....# ********
,,,....###.#.....####****,,,*,,**
,,#..###.......###..#,*,,,,,,,***
,*#.............#...##,.,,,,,,,*,
,*...................#..,,,,,,**,
,**,.............#......,,,,,,,,,
,*,,.##....⌠............,,,,,,,,,
,**,,...........@.......,,,,,,,,,
,*,,,##.................,,,,,,*,,
,**,,,#.............##..,,,,,,,*,
,,*,,*##.....#.###..#,,,,,,,,,***
,**,,,,###.#.##.*,..#*,**,,,,,,,*
,,*,*,,*,####,,#**#.#****,,**,,,*
,,,,,,,,,,,,,,,,* *## *****,,**
,,,,,,,,,,,,,,,** *** ****
,,^,,,**,^*,*,******,**


Turn 54587 on Slime:5: :hmm

Levels and vault maps discovered:
D:1:      dpeg_arrival_rooms_c, layout_basic
D:2:      kennysheep_the_goblin_king, layout_loops_ring, nicolae_eternal_life,
          uniq_sigmund
D:3:      layout_basic, serial_shops, shop, ebering_ghost_gozag,
          ebering_ecumenical_altar_webs, grunt_decor_junction, uniq_grinder,
          uniq_pargi
D:4:      layout_loops_corners, mainiacjoe_overflow_24_doors,
          trog_hazing_becter, dk_noncrumbling_2, hangedman_minor_gate_pass
D:5:      layout_gridville, minmay_temple_entry_glass, minmay_pentangle
D:6:      cheibrodos_steamvent, layout_loops_cross,
          mainiacjoe_overflow_six_doors_small, grunt_dithmenos_shadows,
          serial_shops, nicolae_inconvenience_store, grunt_ministairs_13,
          skrybe_limestone_x, serial_bayou_pond_e,
          chequers_serial_rivers_small_b
D:7:      layout_loops_corners, kennysheep_generic_room_14
D:8:      layout_gridville, yredelemnul_forgotten_temple_becter
D:9:      layout_basic, serial_shops, kennysheep_mini_moat, uniq_erica,
          uniq_maggie
D:10:     layout_rooms, mainiacjoe_overflow_catwalk_spiral, lemuel_round_altar,
          grunt_temple_overflow_open, dpeg_oklobed_lair,
          minmay_orc_entry_guard_dogs, hangedman_abyss_or_decor_clamps,
          nicolae_ea-nasir_strikes_again, hangedman_decor_peaks_small,
          st_stairs_14, uniq_lodul
D:11:     layout_irregular_city, nicolae_trove_entry_free_sample,
          nicolae_two_hexagons
D:12:     layout_roguey, minivault_14
D:13:     layout_basic, gauntlet_entry_generic, uniq_jorgrun
D:14:     minmay_swirls_squares, layout_basic, david_vaults_2,
          guppyfry_shop_venom, uniq_snorg
D:15:     hangedman_depths_entry_try_elsewhere_first, layout_grid_maze
Temple:   eino_wide_crystal_templ
Lair:1:   layout_roguey, st_stairs_13, grunt_megastairs_5, lemuel_fruit_fields,
          infiniplex_staircase_pool_2, uniq_sonja
Lair:2:   layout_small_grid, guppyfry_snake_entry_garden, grunt_megastairs_4
Lair:3:   nzn_motion_control, layout_regular_city, elwin_shoals_entry_stream,
          serial_bayou, serial_bayou_crossing, serial_bayou_pond_b,
          serial_bayou_pond_a, serial_bayou_ford_a, minivault_23,
          pdpol_lair_cabin_in_the_woods
Lair:4:   layout_regular_city, slime_entry_2
Lair:5:   minmay_lair_end_frog_pond, layout_cave_shapes, serial_bayou_shore_b
Shoals:1: layout_shoals, serial_shops, nicolae_shop_mannequins, uniq_frances
Shoals:2: layout_shoals, serial_shops, shop
Shoals:3: layout_shoals, nicolae_shoals_so_close
Shoals:4: shoals_end_grunt_ice, layout_shoals, shoal_ilsuiw,
          portal_ice_cave_entry_dragon
Snake:1:  layout_chambers, special_room, uniq_aizul
Snake:2:  layout_onion_interference, nicolae_triple_integral
Snake:3:  layout_chambers, nicolae_snake_lava_pool, grunt_megastairs_3,
          uniq_vashnia, uniq_azrael
Snake:4:  minmay_snake_end_coiled, layout_cave_town,
          nicolae_snake_guarding_the_ruins
Slime:1:  layout_caves, cheibrodos_slime_lost_civilization_7
Slime:2:  layout_caves
Slime:3:  layout_caves
Slime:4:  layout_caves
Slime:5:  slime_pit_nicolae_royal_road_to_ruin
Orc:1:    layout_caves
Orc:2:    st_orc_pillars, layout_caves, serial_shops,
          nicolae_shop_gibbet_a_chance, mines5_lemuel
Elf:1:    elf_arrival_001, layout_loops_corners, serial_shops,
          nicolae_shop_tiny_waterfront, nicolae_elf_crossing_hall,
          nicolae_elf_loose_elemental_storage, uniq_asterion
Elf:2:    elven_hall_of_blades_hangedman_alternative
          [nicolae_blade_entry_antechamber], layout_geoelf_diagonals,
          serial_shops, shop, minmay_shoptagon
Elf:3:    minmay_elf_hall_dome, layout_rooms, gammafunk_ghost_berserking_beasts,
          minmay_shop_star
Vaults:1: portal_desolation_entry_nicolae_nacl, vaults_mumra_hexcomb,
          nicolae_vaults_two_Ls, nicolae_vaults_frosty_reception, v_pattern_1,
          nicolae_vaults_cochlea, vaults_room_pools,
          nicolae_vaults_three_branches, nicolae_vaults_wine_cellar,
          layout_vaults_omnigrid
Vaults:2: vaults_dpeg_cross, nicolae_vaults_tetromino_Z_1, v_misc_2,
          nicolae_vaults_network_square, nicolae_vaults_trapezoid_lopsided_3,
          nicolae_vaults_little_squares_5, nicolae_vaults_little_squares_5,
          nicolae_vaults_oval_intersection, v_misc_1,
          nicolae_vaults_trapezoid_3, nicolae_vaults_house_2,
          vaults_room_semicircle, nicolae_vaults_tetromino_L_1,
          nicolae_vaults_prndl, v_misc_28, nicolae_vaults_more_shelving_2,
          vaults_standard_mumra_x, layout_vaults_omnibox
Vaults:3: v_misc_8, v_misc_3, nicolae_vaults_closet_pinwheel_1,
          hangedman_vaults_stretched_pinwheel, v_misc_9,
          nicolae_vaults_gold_heap, ontoclasm_vaults_shuriken,
          hangedman_vaults_hard_town_square,
          nicolae_vaults_variable_pillar_hall, minmay_crypt_entry_simple_round,
          ontoclasm_vaults_fault, layout_vaults_big_cross, uniq_donald
Vaults:4: v_pattern_5, nicolae_vaults_network_barrier, v_misc_1,
          hangedman_vaults_snaps, nicolae_vaults_doubleplus_tesselated,
          nicolae_vaults_security_offices_1, nicolae_vaults_inception_scallops,
          nicolae_vaults_trapezoid_2, nicolae_vaults_what_the_h,
          nicolae_vaults_tetromino_T_2, vaults_dpeg_hooks,
          vaults_room_door_ring, layout_vaults_maze
Vaults:5
Depths:1: layout_gridlike, enter_ziggurat_c, grunt_hell_entry_dis_mu,
          serial_shops, nicolae_shop_trees, lemuel_flamethrower_2, uniq_boris
Depths:2: minmay_concentric_multi, layout_honeycomb, rand_demon_pan_entry_7,
          grunt_mini_vestibule, lightli_enter_wizlab_magi_temple,
          nicolae_wu_jian_wuxing_cycle, serial_shops, nicolae_shop_scrapyard,
          eino_curves_02, nicolae_stop_n_shop_1
Depths:3: wad_cavern_with_rooms, layout_honeycomb, grunt_pan_entry_sceptre,
          hell_entry, abyss_entry, hangedman_decor_growths, minmay_multi_spiral,
          serial_bayou_shore_b
Depths:4: grunt_zot_entry_funnels, layout_honeycomb, hellmouth_1,
          rand_demon_pan_entry_5, grunt_qazlal_clouds
Zot:1:    layout_basic, regret_index_zotdec_gossamer_parallel, st_stairs_2,
          uniq_tiamat
Zot:2:    layout_basic
Zot:3:    layout_gridlike, regret_index_zotdec_stipple_waver
Zot:4:    layout_gridville, hangedman_zot_spectrum
Zot:5:    layout_gridlike

Skill      XL: |  1  2  3  4  5  6  7  8  9 10 11 12 13 14 15 16 17 18 19 20 21 22 23 24 25 26 27 |
---------------+----------------------------------------------------------------------------------+-----
Stealth        | 2 3 4 6 8 10 12 13 17 | 17.0
Short Blades   | 5 6 7 8 10 12 13 14 15 17 18 | 18.5
Fighting       | 3 6 7 8 11 14 17 18 20 | 20.0
Evocations     | 1 7 10 | 10.0
Throwing       | 4 |  4.0
Dodging        | 5 10 13 15 18 21 22 25 | 25.0
Invocations    | 6 7 10 | 10.0
Shields        | 8 10 15 20 21 | 21.3
Armour         | 3 7 9 13 17 20 | 20.0
Long Blades    | 5 13 17 19 | 19.0

Action                     |  1- 3 |  4- 6 |  7- 9 | 10-12 | 13-15 | 16-18 | 19-21 | 22-24 | 25-27 || total
---------------------------+-------+-------+-------+-------+-------+-------+-------+-------+-------++-------
  Melee: Rapier            |    87 |       |       |       |       |  1351 |  1144 |   800 |       ||  3382
         Short sword       |    46 |   136 |   288 |   800 |  1119 |    90 |       |       |       ||  2479
         Punch             |     2 |     2 |     7 |    11 |       |       |       |       |       ||    22
         Triple sword      |       |       |       |       |       |       |       |   252 |  1106 ||  1358
  Throw: Throwing net      |     1 |       |     3 |       |       |     2 |     4 |     1 |     1 ||    12
         Dart              |       |     3 |    15 |    12 |    10 |       |       |       |       ||    40
         Boomerang         |       |       |       |       |     7 |       |     2 |       |    43 ||    52
 Invoke: Ancestor Identity |       |       |     1 |       |       |       |       |       |       ||     1
         Recall Ancestor   |       |       |       |     7 |    10 |     4 |     2 |     3 |     8 ||    34
         Ancestor Life: He |       |       |       |     1 |       |       |       |       |       ||     1
         Idealise          |       |       |       |       |     5 |     8 |     7 |     6 |    15 ||    41
Ability: Shaft Self        |       |       |       |       |     1 |       |       |       |       ||     1
         Dig               |       |       |       |       |       |       |     3 |       |     4 ||     7
         Evoke Invisibilit |       |       |       |       |       |       |       |     1 |       ||     1
  Evoke: Wand              |       |     5 |    16 |     7 |    10 |     6 |     2 |       |     1 ||    47
         Phantom mirror    |       |       |       |       |       |     1 |     1 |     1 |       ||     3
         Phial of floods   |       |       |       |       |       |       |       |     1 |       ||     1
    Use: Scroll            |       |       |     6 |     6 |     8 |    17 |    12 |     7 |    28 ||    84
         Potion            |       |       |     1 |       |     4 |     8 |    12 |     2 |    23 ||    50
   Stab: Sleeping          |     7 |     5 |    11 |    15 |     8 |    11 |    11 |    23 |    11 ||   102
         Held in net/web   |       |       |     1 |       |       |     1 |     2 |     1 |     4 ||     9
         Confused          |       |       |       |    25 |    35 |    49 |    94 |   130 |    99 ||   432
         Distracted        |       |       |       |    18 |    33 |    40 |    25 |    37 |    45 ||   198
         Invisible         |       |       |       |     1 |     7 |     7 |     5 |    13 |       ||    33
         Paralysed         |       |       |       |       |    34 |    97 |    62 |    47 |    52 ||   292
         Petrified         |       |       |       |       |       |     2 |       |       |       ||     2
 Armour: Leather armour    |    29 |       |       |       |       |       |       |       |       ||    29
         Ring mail         |    54 |    70 |   155 |     8 |       |       |       |       |       ||   287
         Skin              |     1 |       |       |       |       |       |       |       |       ||     1
         Steam dragon scal |       |       |       |   276 |       |       |       |       |       ||   276
         Acid dragon scale |       |       |       |    57 |   376 |       |       |       |       ||   433
         Scale mail        |       |       |       |       |    17 |    26 |       |       |       ||    43
         Pearl dragon scal |       |       |       |       |       |   440 |   292 |   272 |   142 ||  1146
         Ice dragon scales |       |       |       |       |       |       |    51 |       |       ||    51
         Fire dragon scale |       |       |       |       |       |       |       |       |   213 ||   213
  Dodge: Dodged            |    96 |    63 |   137 |   387 |   488 |   391 |   325 |   455 |   469 ||  2811
  Block: Kite shield       |       |       |       |   105 |   624 |    36 |       |       |       ||   765
         Tower shield      |       |       |       |       |       |  1591 |  1037 |  1396 |  1358 ||  5382

Table legend: (Time is in decaauts)
 A = Elapsed time spent in this place.
 B = Non-inter-level travel time spent in this place.
 C = Inter-level travel time spent in this place.
 D = Time resting spent in this place.
 E = Time spent auto-exploring this place.
 F = Levels seen in this place.
 G = Mean time per level.
                   A        B        C        D        E       F      G
               +--------+--------+--------+--------+--------+-----+--------+
         Total |  57374 |  51851 |   5523 |   1935 |  30883 |  61 |  940.6 |
       Dungeon |  19125 |  16537 |   2588 |    454 |  11570 |  15 | 1275.0 |
        Temple |     15 |     15 |      0 |      0 |      0 |   1 |   15.0 |
          Lair |   6797 |   6160 |    637 |    504 |   3422 |   5 | 1359.4 |
        Shoals |   3595 |   3310 |    285 |     84 |   1831 |   4 |  898.8 |
     Snake Pit |   4929 |   4727 |    202 |    173 |   3159 |   4 | 1232.2 |
    Slime Pits |    351 |    351 |      0 |      0 |      0 |   5 |   70.2 |
  Orcish Mines |   2069 |   1787 |    282 |    297 |    737 |   2 | 1034.5 |
   Elven Halls |   4005 |   3499 |    506 |      0 |   1909 |   3 | 1335.0 |
        Vaults |   7166 |   6591 |    575 |    344 |   4223 |   5 | 1433.2 |
        Depths |   4823 |   4379 |    444 |      0 |   2936 |   4 | 1205.8 |
           Zot |    941 |    941 |      0 |      0 |      0 |   5 |  188.2 |
         Abyss |    655 |    655 |      0 |      0 |    306 |   3 |  218.3 |
         Trove |    149 |    149 |      0 |      0 |      0 |   1 |  149.0 |
      Ice Cave |    906 |    906 |      0 |      6 |    429 |   1 |  906.0 |
        Wizlab |    315 |    315 |      0 |      0 |     87 |   1 |  315.0 |
    Desolation |    655 |    655 |      0 |     43 |    235 |   1 |  655.0 |
      Gauntlet |    871 |    871 |      0 |     30 |     37 |   1 |  871.0 |
               +--------+--------+--------+--------+--------+-----+--------+

Top non-repeatable levels by time:
  Lair:3: 1810 daAuts
Vaults:4: 1756 daAuts
 Snake:3: 1666 daAuts
   Elf:2: 1581 daAuts
     D:4: 1540 daAuts
     D:3: 1522 daAuts
Vaults:1: 1507 daAuts
    D:14: 1487 daAuts
  Lair:1: 1463 daAuts
     D:2: 1447 daAuts
Vaults:3: 1442 daAuts
Depths:1: 1427 daAuts
     D:8: 1424 daAuts
Shoals:4: 1416 daAuts
 Snake:4: 1394 daAuts
